[Event "*** Titled Tuesday Blitz"]
[Site "Chess.com"]
[Date "2020.04.21"]
[Round "5"]
[White "ferch1ni"]
[Black "benko_008"]
[Result "0-1"]
[WhiteElo "2317"]
[BlackElo "2501"]
[TimeControl "180+1"]
[EndTime "10:55:39 PDT"]
[Termination "benko_008 won by resignation"]

1. e4 c5 2. Nf3 d6 3. d4 cxd4 4. Nxd4 Nf6 5. f3 Nc6 6. c4 g6 7. Be3 Bg7 8. Nc3 O-O 9. Be2 Nxd4 10. Bxd4 a5 11. O-O Nd7 12. Re1 Bxd4+ 13. Qxd4 Qb6 14. Qxb6 Nxb6 15. Nd5 Nxd5 16. exd5 e5 17. dxe6 Bxe6 18. Red1 Rfc8 19. Rd4 Kf8 20. Rad1 Ra6 21. Rxd6 Rxd6 22. Rxd6 Bxc4 23. Bxc4 Rxc4 24. Rb6 Rb4 25. Rxb4 axb4 26.
Kf2 Ke7 27. Ke2 Kd6 28. Kd3 Kd5 29. b3 f5 30. Ke2 Kd4 31. Kd2 f4 32. g3 fxg3 33. hxg3 h5 34. f4 b5 35. Ke2 Kc3 36. Kd1 Kb2 37. Kd2 Kxa2 38. Kc2 Ka3 0-1

[Event "*** Titled Tuesday Blitz"]
[Site "Chess.com"]
[Date "2020.04.21"]
[Round "5"]
[White "Schachmalanders"]
[Black "chenxiaoyuer"]
[Result "1-0"]
[WhiteElo "2332"]
[BlackElo "2117"]
[TimeControl "180+1"]
[EndTime "10:55:40 PDT"]
[Termination "Schachmalanders won on time"]

1. e4 c5 2. Nc3 d6 3. g3 Nc6 4. Bg2 g6 5. Nge2 Bg7 6. d3 e6 7. Be3 Nd4 8. Qd2 Ne7 9. O-O-O Rb8 10. Bh6 O-O 11. h4 Bxh6 12. Qxh6 f6 13. f4 Kh8 14. f5 exf5 15. Nf4 fxe4 16. h5 g5 17. Ng6+ Kg8 18.
Nxf8 Qxf8 19. Qxf8+ Kxf8 20. Nxe4 Bf5 21. Nxd6 Ne2+ 22.
Kb1 Nxg3 23. Rhg1 Nxh5 24. Rde1 Bg6 25. Nxb7 Nf4 26. Nxc5 Bf5 27. Be4 Rc8 28. d4 h5 29.
b4 h4 30. Ref1 Bxe4 31. Nxe4 Ned5 32. Kb2 Re8 33. Nxg5 fxg5 34. Rxg5 Ke7 35. c4 Ne3 36. Re5+ 1-0

[Event "*** Titled Tuesday Blitz"]
[Site "Chess.com"]
[Date "2020.04.21"]
[Round "5"]
[White "Gareth-Bale11"]
[Black "D0wnpour"]
[Result "1-0"]
[WhiteElo "2760"]
[BlackElo "2601"]
[TimeControl "180+1"]
[EndTime "10:55:41 PDT"]
[Termination "Gareth-Bale11 won on time"]

1. d4 Nf6 2. c4 e6 3. Nf3 Bb4+ 4. Bd2 c5 5. Bxb4 cxb4 6. g3 O-O 7. Bg2 d6 8. O-O Nc6 9. a3 Re8 10. Qb3 bxa3 11. Qxa3 a5 12. Nc3 e5 13. dxe5 dxe5 14.
Qc5 Bg4 15. Rfd1 Qe7 16. Qxe7 Rxe7 17. Nd5 Nxd5 18. cxd5 Bxf3 19. exf3 Nd4 20. f4 Ne2+ 21. Kf1 exf4 22. Bf3 fxg3 23. hxg3 Nxg3+ 24. fxg3 Re3 25.
Kf2 Rb3 26. Rd2 b6 27. d6 Rd8 28. d7 Kf8 29. Re1 1-0

[Event "*** Titled Tuesday Blitz"]
[Site "Chess.com"]
[Date "2020.04.21"]
[Round "5"]
[White "WPWPWP-2015"]
[Black "731291"]
[Result "0-1"]
[WhiteElo "2412"]
[BlackElo "2583"]
[TimeControl "180+1"]
[EndTime "10:55:41 PDT"]
[Termination "731291 won by checkmate"]

1. e4 e6 2. d4 d5 3. Nc3 Bb4 4. a3 Bxc3+ 5. bxc3 dxe4 6. Qg4 Nf6 7. Qxg7 Rg8 8. Qh6 Rg6 9. Qe3 Nc6 10. h3 Ne7 11.
Ne2 Nf5 12. Qf4 b6 13. c4 Nxd4 14. Nxd4 Qxd4 15. Rb1 e5 16. Qe3 Be6 17. Bb2 Qxe3+ 18. fxe3 Nd7 19. g4 O-O-O 20. Bg2 f5 21. O-O fxg4 22.
Bxe4 Rg7 23. h4 g3 24. c5 Nxc5 25. Bxe5 Rg4 26. Bf3 Rgg8 27. Bd4 Nd7 28. Bc6 Rg4 29. h5 Rh4 30. Bf6 Nxf6 31. Rxf6 Bd5 32. Bb5 Rh1# 0-1

[Event "*** Titled Tuesday Blitz"]
[Site "Chess.com"]
[Date "2020.04.21"]
[Round "5"]
[White "ALEXJR20"]
[Black "Yanidze"]
[Result "0-1"]
[WhiteElo "2241"]
[BlackElo "2449"]
[TimeControl "180+1"]
[EndTime "10:55:43 PDT"]
[Termination "Yanidze won by resignation"]

1. d4 g6 2. c4 Bg7 3. Nf3 c5 4. d5 d6 5. Nc3 Bxc3+ 6. bxc3 f5 7. Bg5 Qa5 8. Bd2 Nf6 9. e3 Nbd7 10. Bd3 Nb6 11. Qe2 Bd7 12. O-O O-O-O 13. Rfb1 e6 14.
e4 fxe4 15. Bxe4 exd5 16. Bxd5 Nfxd5 17. cxd5 Nxd5 18. Qd3 Nb6 19. Bg5 Bf5 20. Qd2 Bxb1 21. Bxd8 Rxd8 22. Rxb1 Qa4 23. h3 Qe4 24. Re1 Qd5 25.
Qh6 Rd7 26. Qf8+ Kc7 27. a3 Qf5 28. Qg8 Qf7 29. Qh8 Re7 30. Rd1 Qg7 31. Qxg7 Rxg7 32. Ng5 Re7 33. f3 Nc4 34. Kf2 Nxa3 35. Ne4 Nb5 36. Nf6 Rf7 37. Nd5+ Kc6 38. c4 Nd4 39.
Ra1 b6 40. Nc3 Re7 41. Nb5 Nxb5 42. cxb5+ Kxb5 43. Rd1 Rd7 44. Re1 d5 45. h4 d4 46.
g4 d3 47. Rd1 c4 48. f4 c3 49. Ke3 d2 50. h5 c2 51. Rxd2 c1=Q 0-1

[Event "*** Titled Tuesday Blitz"]
[Site "Chess.com"]
[Date "2020.04.21"]
[Round "5"]
[White "DonPreuss"]
[Black "BabyBoss31"]
[Result "1-0"]
[WhiteElo "2222"]
[BlackElo "2350"]
[TimeControl "180+1"]
[EndTime "10:55:43 PDT"]
[Termination "DonPreuss won by checkmate"]

1. d4 d5 2. e4 dxe4 3. Nc3 Nf6 4. f3 exf3 5. Nxf3 Bg4 6. h3 Bh5 7. g4 Bg6 8. Ne5 e6 9. Qf3 c6 10. Nxg6 hxg6 11. g5 Nd5 12. Bd3 Be7 13. Ne4 Nb4 14. O-O O-O 15. Be3 Nxd3 16. cxd3 Nd7 17. h4 e5 18. Kg2 Qc7 19. Rh1 Rad8 20. h5 exd4 21. Bf4 Qb6 22. Raf1 Nc5 23. hxg6 fxg6 24. Qh3 Rf5 25.
Ng3 Nxd3 26. Nxf5 Qxb2+ 27. Kg3 gxf5 28. Qh7+ Kf8 29. Qxf5+ Ke8 30. Rh8+ Bf8 31. Rxf8+ Ke7 32. Rf7+ Ke8 33. Qe6# 1-0

[Event "*** Titled Tuesday Blitz"]
[Site "Chess.com"]
[Date "2020.04.21"]
[Round "5"]
[White "Dedic8"]
[Black "Semen_Khanin"]
[Result "0-1"]
[WhiteElo "2779"]
[BlackElo "2636"]
[TimeControl "180+1"]
[EndTime "10:55:44 PDT"]
[Termination "Semen_Khanin won by resignation"]

1. e4 c5 2. Nf3 Nc6 3. d4 cxd4 4.
Nxd4 e5 5. Nb5 d6 6. c4 g6 7. N1c3 a6 8. Na3 Be6 9. Be3 Rc8 10. Be2 Bg7 11. O-O Nf6 12. Qd2 O-O 13. Rfd1 Nd7 14. Qxd6 Nd4 15. Rxd4 exd4 16. Bxd4 Rc6 17. Qb4 Bxd4 18.
Nd5 Bxd5 19. cxd5 Qb6 20. Qxb6 Rxb6 21. Nc4 Rf6 22. Rf1 b5 23. Na5 Ne5 24. g3 g5 25.
h3 Rc8 26. Nb3 Bb6 27. Bd1 a5 28. Kg2 Nd3 29. f3 Nxb2 30. e5 Nxd1 31. Rxd1 Rc2+ 32. Nd2 Rf5 33. f4 gxf4 34. gxf4 Rxf4 0-1

[Event "*** Titled Tuesday Blitz"]
[Site "Chess.com"]
[Date "2020.04.21"]
[Round "5"]
[White "Muracle"]
[Black "JonahWillow"]
[Result "1-0"]
[WhiteElo "2620"]
[BlackElo "2748"]
[TimeControl "180+1"]
[EndTime "10:55:45 PDT"]
[Termination "Muracle won by resignation"]

1. e4 c5 2. Nf3 Nc6 3. Bb5 g6 4.
O-O Bg7 5. Re1 Nf6 6. c3 O-O 7.
d4 d5 8. exd5 Nxd5 9. dxc5 Bg4 10. h3 Bxf3 11. Qxf3 a6 12. Bc4 e6 13. Bxd5 exd5 14.
Bf4 Re8 15. Nd2 Qd7 16. Bd6 Bf8 17. Qxd5 Red8 18. Ne4 Bg7 19. Rad1 Re8 20. Ng5 h6 21. Nf3 Rxe1+ 22. Rxe1 Re8 23. Rxe8+ Qxe8 24. Bg3 Bf8 25. Ne5 Nxe5 26. Bxe5 Qb5 27. b4 a5 28. Bd4 axb4 29.
Qe5 1-0

[Event "*** Titled Tuesday Blitz"]
[Site "Chess.com"]
[Date "2020.04.21"]
[Round "5"]
[White "GMJustin"]
[Black "GM_LOADING"]
[Result "0-1"]
[WhiteElo "2351"]
[BlackElo "2515"]
[TimeControl "180+1"]
[EndTime "10:55:45 PDT"]
[Termination "GM_LOADING won on time"]

1. e4 e5 2. Nc3 Nf6 3. g3 d5 4. exd5 Nxd5 5. Bg2 Nxc3 6. bxc3 Nc6 7. d3 Be6 8. Nf3 Be7 9. O-O O-O 10. Re1 Qd6 11.
Ng5 Bxg5 12. Bxg5 Bd5 13. Bh3 f5 14. c4 Be6 15. Bg2 Rae8 16. Bd2 f4 17. Bc3 Nd4 18. Bxb7 c6 19. Bxd4 Qxd4 20. Qe2 fxg3 0-1

[Event "*** Titled Tuesday Blitz"]
[Site "Chess.com"]
[Date "2020.04.21"]
[Round "5"]
[White "Poghosyan_Suren"]
[Black "chidori_boruto"]
[Result "0-1"]
[WhiteElo "2482"]
[BlackElo "2651"]
[TimeControl "180+1"]
[EndTime "10:55:47 PDT"]
[Termination "chidori_boruto won by checkmate"]

1. Nf3 Nf6 2. c4 c6 3. e3 d6 4.
d4 Bg4 5. Nc3 Nbd7 6. h3 Bh5 7.
Be2 e6 8. O-O d5 9. Ne5 Bxe2 10.
Qxe2 Nxe5 11. dxe5 Nd7 12. f4 Be7 13. Qg4 g6 14.
cxd5 cxd5 15. Ne2 Rc8 16. Nd4 Bc5 17. Kh2 Qb6 18. Rd1 O-O 19. h4 h5 20. Qf3 Be7 21.
g4 hxg4 22. Qxg4 Kg7 23. Kg2 Rh8 24. Rh1 Nc5 25. h5 Ne4 26. f5 exf5 27. Nxf5+ Kf8 28. hxg6 Rc2+ 29. Kg1 Rxh1+ 30. Kxh1 Qxg6 31. Qxg6 fxg6 32. Nd4 Rf2 33. Kg1 Bh4 34. b3 Bg3 35. Ba3+ Ke8 36. e6 Bh2+ 37. Kh1 Ng3# 0-1

[Event "*** Titled Tuesday Blitz"]
[Site "Chess.com"]
[Date "2020.04.21"]
[Round "5"]
[White "Nellichka"]
[Black "Yeytruyol"]
[Result "0-1"]
[WhiteElo "2089"]
[BlackElo "2401"]
[TimeControl "180+1"]
[EndTime "10:55:47 PDT"]
[Termination "Yeytruyol won by resignation"]

1. d4 Nf6 2. c4 c5 3. d5 e6 4. Nc3 exd5 5. cxd5 d6 6. e4 g6 7. Nf3 Bg7 8. Bg5 a6 9. Be2 b5 10. O-O O-O 11. Qc2 b4 12. Nd1 Nbd7 13. Nd2 Re8 14. f3 Qc7 15. Nc4 Ne5 16. Nde3 Nxc4 17. Nxc4 a5 18.
Bf4 Rd8 19. Rad1 Ba6 20. e5 Bxc4 21. exd6 Qd7 22. Qxc4 Rdc8 23. Qb5 Bf8 24. Bg5 Qf5 25. h4 Bxd6 26. Bd3 Qe5 27. f4 Qe3+ 28. Kh1 Ng4 29. Qd7 Qg3 0-1

[Event "*** Titled Tuesday Blitz"]
[Site "Chess.com"]
[Date "2020.04.21"]
[Round "5"]
[White "joksijoksi"]
[Black "Halvard"]
[Result "1-0"]
[WhiteElo "2374"]
[BlackElo "2098"]
[TimeControl "180+1"]
[EndTime "10:55:48 PDT"]
[Termination "joksijoksi won by resignation"]

1. e4 c5 2. Nf3 d6 3. d4 Nf6 4. Nc3 cxd4 5. Nxd4 a6 6. Bg5 Nbd7 7. Qe2 h6 8. Bh4 g6 9. f4 e5 10. fxe5 dxe5 11. Nb3 Be7 12. Qf3 Qc7 13. Bd3 b5 14.
a3 Bb7 15. O-O O-O 16. Rf2 Rac8 17. Raf1 Qd6 18. Kh1 Kg7 19. Qe3 Ng4 20. Bxe7 Qxe7 21. Qg3 Nxf2+ 22. Rxf2 Nc5 23. Nxc5 Rxc5 24. h3 Rc7 25.
Nd1 Rc6 26. Ne3 Rf6 27. Nf5+ Rxf5 28. exf5 Qg5 29. Qxe5+ Qf6 30. Qxf6+ Kxf6 31. fxg6+ Kg7 32. Rxf7+ Rxf7 33. gxf7 Kxf7 34. Kg1 Kf6 35. Kf2 Ke5 36.
c3 Kf4 37. g3+ Ke5 38. Ke3 Bc8 39. h4 Be6 40. a4 bxa4 41. Bxa6 Bd7 42. Be2 Bc6 43.
Bf3 1-0

[Event "*** Titled Tuesday Blitz"]
[Site "Chess.com"]
[Date "2020.04.21"]
[Round "5"]
[White "Lagmantr"]
[Black "LogoCzar"]
[Result "1-0"]
[WhiteElo "2712"]
[BlackElo "2448"]
[TimeControl "180+1"]
[EndTime "10:55:49 PDT"]
[Termination "Lagmantr won by resignation"]

1. e4 e5 2. Nf3 Nc6 3. Be2 Nf6 4. Nc3 Bb4 5. Nd5 Bc5 6. d3 h6 7. c3 d6 8. b4 Bb6 9. a4 a6 10. Nxb6 cxb6 11. O-O O-O 12. h3 d5 13. Qc2 Be6 14.
Rd1 Rc8 15. Qb1 b5 16. axb5 axb5 17. Be3 dxe4 18. dxe4 Qc7 19. Bxb5 Rfd8 20. Bc5 Rxd1+ 21.
Qxd1 Nxe4 22. Qe1 Nxc5 23. bxc5 Bd5 24. Bxc6 bxc6 25. Qxe5 Bxf3 26. Qxc7 Rxc7 27. gxf3 f6 28. Kg2 Kf7 29. Rd1 Ke6 30. Rd6+ Ke5 31. Kg3 g5 32. Kg4 f5+ 33. Kh5 Kf4 34. Kxh6 Rc8 35. Kg6 Rc7 36. Rf6 Kxf3 37. Kxf5 Kxf2 38. Kxg5+ Kg3 39.
h4 Rg7+ 40. Rg6 Re7 41. Kf6+ 1-0

[Event "*** Titled Tuesday Blitz"]
[Site "Chess.com"]
[Date "2020.04.21"]
[Round "5"]
[White "The_Machine04"]
[Black "hongnhung1234"]
[Result "0-1"]
[WhiteElo "2327"]
[BlackElo "2160"]
[TimeControl "180+1"]
[EndTime "10:55:49 PDT"]
[Termination "hongnhung1234 won by checkmate"]

1. d4 f5 2. Bg5 g6 3. Nc3 Bg7 4. e4 d6 5. Nf3 h6 6. Be3 Nf6 7.
Bd3 O-O 8. exf5 Bxf5 9. Bxf5 gxf5 10. Qd2 Ng4 11. h3 Nxe3 12. fxe3 Nc6 13. O-O-O e5 14.
Rhg1 a5 15. d5 Ne7 16. e4 b5 17. exf5 b4 18. Ne4 Rxf5 19. Qe2 a4 20. g4 Rf4 21. h4 b3 22. cxb3 axb3 23. axb3 Qb8 24.
Kc2 Qb4 25. Rge1 Rb8 26. Kb1 Qxb3 27. Nfd2 Qxb2# 0-1

[Event "*** Titled Tuesday Blitz"]
[Site "Chess.com"]
[Date "2020.04.21"]
[Round "5"]
[White "GMartin_Petrov"]
[Black "mathapples"]
[Result "1-0"]
[WhiteElo "2561"]
[BlackElo "2330"]
[TimeControl "180+1"]
[EndTime "10:55:50 PDT"]
[Termination "GMartin_Petrov won by checkmate"]

1. e4 c6 2. d4 d5 3. e5 Bf5 4.
Nf3 e6 5. Be2 Nd7 6. O-O Ne7 7. a4 h6 8. a5 c5 9. a6 b6 10. Nc3 Nc6 11. Nb5 cxd4 12. Bf4 g5 13. Bg3 d3 14. cxd3 g4 15. Nfd4 Nxd4 16. Nxd4 Qc7 17. Rc1 Qd8 18. Nb5 Rc8 19. Rxc8 Qxc8 20. Bxg4 Bxg4 21. Qxg4 Be7 22. Bf4 Kd8 23. Nxa7 Qxa6 24.
Nc6+ Ke8 25. Rc1 Nc5 26. Qg7 Rf8 27. Bxh6 Nxd3 28. Nxe7 Nxc1 29. Qxf8+ Kd7 30. h3 Ne2+ 31. Kh2 Qa1 32. Qc8+ Kxe7 33. Bg5+ f6 34. Bxf6+ Kf7 35. Qd7+ Kg6 36. Qg7+ Kf5 37. Qg4# 1-0

[Event "*** Titled Tuesday Blitz"]
[Site "Chess.com"]
[Date "2020.04.21"]
[Round "5"]
[White "temus_galaktionov"]
[Black "DrBergerBerger"]
[Result "1-0"]
[WhiteElo "2749"]
[BlackElo "2449"]
[TimeControl "180+1"]
[EndTime "10:55:51 PDT"]
[Termination "temus_galaktionov won on time"]

1. d4 d5 2. Nf3 Nf6 3. c4 dxc4 4. e3 e6 5. Bxc4 a6 6. O-O c5 7. a3 Nbd7 8. dxc5 Bxc5 9. b4 Be7 10. Bb2 O-O 11. Nd4 Nb6 12. Be2 e5 13. Nf3 e4 14.
Nfd2 Bf5 15. Nc3 Qd7 16. Nb3 Rfd8 17. Qxd7 Rxd7 18. Rfd1 Rad8 19. Rxd7 Rxd7 20. Nd4 Bg6 21. Rc1 h6 22. h3 Kh7 23. g4 Nfd5 24. Nxd5 Nxd5 25.
Rc8 Bf6 26. Bc4 Rc7 27. Rxc7 Nxc7 28. Bc3 b5 29. Bb3 h5 30. Ne2 Bxc3 31. Nxc3 hxg4 32.
hxg4 Kh6 33. Kg2 Kg5 34. Kg3 f5 35. gxf5 Kxf5 36. Bd5 Ke5 37. Bb7 Bf5 38. Kh4 Bh7 39. Kg5 Bf5 40. Kh5 Bh7 41. Kh4 Bf5 42. Kg5 Bh7 43. Bc8 Bg8 44. Kg6 1-0

[Event "*** Titled Tuesday Blitz"]
[Site "Chess.com"]
[Date "2020.04.21"]
[Round "5"]
[White "Grineva_Marianna"]
[Black "VALPARAISO37"]
[Result "1-0"]
[WhiteElo "2190"]
[BlackElo "2338"]
[TimeControl "180+1"]
[EndTime "10:55:53 PDT"]
[Termination "Grineva_Marianna won by checkmate"]

1. d4 Nf6 2. c4 e6 3. Nc3 Bb4 4. e3 O-O 5. Ne2 d5 6. a3 Be7 7.
Ng3 c5 8. dxc5 Bxc5 9. b4 Be7 10.
Bb2 a5 11. b5 b6 12. cxd5 exd5 13. Bd3 Nbd7 14. Nce2 Nc5 15. O-O Bd6 16. Nf5 Bb8 17.
Neg3 Nce4 18. f3 Nxg3 19. Nxg3 Re8 20. Qd2 Bd6 21. Bd4 Bc5 22. Bxc5 bxc5 23. a4 Qb6 24. Rfe1 Re7 25. Kh1 Re8 26. Rad1 Ra7 27. Nf5 Bxf5 28. Bxf5 Rae7 29. g4 h5 30. g5 Nd7 31. Qxd5 Ne5 32. Kg2 c4 33. Qd4 Qc7 34. Be4 Rd7 35.
Qc3 Red8 36. Rxd7 Rxd7 37. b6 Qc5 38. b7 Rd8 39. Rb1 Rb8 40. Rb5 Qd6 41. Qxe5 Qd2+ 42.
Kg3 Qe1+ 43. Kh3 Qf1+ 44. Kg3 Qg1+ 45. Kf4 Qg2 46. Qxb8# 1-0

[Event "*** Titled Tuesday Blitz"]
[Site "Chess.com"]
[Date "2020.04.21"]
[Round "5"]
[White "Kumi29"]
[Black "MarcoCorvi"]
[Result "0-1"]
[WhiteElo "2383"]
[BlackElo "2180"]
[TimeControl "180+1"]
[EndTime "10:55:54 PDT"]
[Termination "MarcoCorvi won by checkmate"]

1. d4 f5 2. e4 fxe4 3. Nc3 Nf6 4. Bg5 e6 5. f3 e3 6. Bd3 Be7 7. Bxe3 b6 8. f4 Bb7 9. Nf3 Nc6 10. Qe2 O-O 11.
O-O-O Nb4 12. h3 Nxd3+ 13. Rxd3 Be4 14. Nxe4 Nxe4 15. Qe1 d5 16. Nd2 Nxd2 17. Bxd2 Qd7 18. Rf1 Rae8 19. g4 c5 20. dxc5 bxc5 21. Re3 Bd6 22.
f5 e5 23. Rd3 d4 24. Qe4 c4 25. Qd5+ Qf7 26. Qxf7+ Rxf7 27. Rdf3 e4 28. R3f2 e3 29. Re2 exd2+ 30. Kxd2 Rxe2+ 31. Kxe2 Re7+ 32. Kf3 Re3+ 33.
Kf2 Rxh3 34. Rd1 Be5 35. b3 c3 36. g5 Rh2+ 37. Kf3 Rxc2 38. Ke4 Re2+ 39. Kd5 c2 40. Rc1 d3 41. f6 gxf6 42. gxf6 Bxf6 43. Kc6 Bg5 44. Rg1 h6 45. Kb5 c1=Q 46. Rg4 Re5+ 47. Ka4 Qc6+ 48. Ka3 Ra5+ 49. Ra4 Bc1+ 50. Kb4 Qc5# 0-1

[Event "*** Titled Tuesday Blitz"]
[Site "Chess.com"]
[Date "2020.04.21"]
[Round "5"]
[White "EmmaChess"]
[Black "adriangschnitzer"]
[Result "0-1"]
[WhiteElo "2580"]
[BlackElo "2438"]
[TimeControl "180+1"]
[EndTime "10:55:55 PDT"]
[Termination "adriangschnitzer won by resignation"]

1. e4 c6 2. d3 d5 3. Nd2 e5 4.
Ngf3 Bd6 5. Be2 Nf6 6. O-O O-O 7. Re1 Re8 8. Bf1 a5 9. a4 Nbd7 10. c3 Nf8 11. d4 dxe4 12. Nxe4 Nxe4 13. Rxe4 f5 14. Re1 e4 15. Ng5 g6 16. Bc4+ Kg7 17.
Nf7 Qc7 18. Bh6+ Kf6 19. Bg5+ Kg7 20. Bh6+ Kf6 21. Qd2 Be6 22. Nxd6 Qxd6 23. Bf4 Qd7 24. Be5+ Kf7 25. Qh6 Bxc4 26. b3 Bxb3 27. Rab1 Rxe5 28. dxe5 Bxa4 29. Qh4 Bc2 30. Rb2 Bd3 31. Ra1 b5 32. Qf6+ Kg8 0-1

[Event "*** Titled Tuesday Blitz"]
[Site "Chess.com"]
[Date "2020.04.21"]
[Round "5"]
[White "Teidi96"]
[Black "ajdemipopushi"]
[Result "0-1"]
[WhiteElo "2175"]
[BlackElo "2355"]
[TimeControl "180+1"]
[EndTime "10:55:57 PDT"]
[Termination "ajdemipopushi won by resignation"]

1. e4 c5 2. Nf3 g6 3. d4 cxd4 4. Nxd4 Bg7 5. c4 Nc6 6. Be3 Nf6 7. Nc3 Nxd4 8. Bxd4 Qa5 9. Be2 d6 10. O-O O-O 11. h3 Be6 12. Qc2 Rfc8 13. b3 a6 14. a4 Nd7 15. Bxg7 Kxg7 16. Qb2 f6 17. Nd5 Bxd5 18.
exd5 Qb4 19. Bg4 Rc7 20. Bxd7 Rxd7 21. Rfe1 Rc8 22. Qc2 b5 23. axb5 axb5 24. Re4 bxc4 25. Rxc4 Rxc4 26. Qxc4 Rb7 27. Qc6 Qxb3 28. Ra8 Qd1+ 29.
Kh2 Rb1 30. Qc8 Qg1+ 31. Kg3 Rb3+ 32. f3 Qe1+ 33. Kh2 Qe5+ 34. Kg1 Rb1+ 0-1

[Event "*** Titled Tuesday Blitz"]
[Site "Chess.com"]
[Date "2020.04.21"]
[Round "5"]
[White "norwaytoadog"]
[Black "NastaJ"]
[Result "0-1"]
[WhiteElo "2186"]
[BlackElo "1874"]
[TimeControl "180+1"]
[EndTime "10:55:57 PDT"]
[Termination "NastaJ won by resignation"]

1. e4 c6 2. d4 d5 3. e5 Bf5 4.
Nf3 e6 5. Be2 Nd7 6. O-O Ne7 7.
a4 Bg6 8. a5 Nf5 9. c4 dxc4 10.
Nbd2 b5 11. axb6 axb6 12. Rxa8 Qxa8 13. Nxc4 b5 14. Ne3 Nxe3 15. Bxe3 Be7 16. Bg5 Bxg5 17.
Nxg5 O-O 18. h4 c5 19. Bf3 Qc8 20. h5 h6 21. Nh3 Bf5 22. g4 Bh7 23. g5 hxg5 24.
Nxg5 Bf5 25. Bg4 cxd4 26. Bxf5 exf5 27. Qxd4 Qd8 28. f4 Nb6 29. Rd1 Qxd4+ 30. Rxd4 Rc8 31.
b4 f6 32. exf6 gxf6 33. Ne6 Kh7 34. Kf2 Kh6 35. Rd6 Nc4 36. Rd5 Kxh5 37. Rxf5+ Kg4 38.
Rxb5 Re8 39. f5 Nd6 40. Rc5 Ne4+ 41. Ke3 Nxc5 42. bxc5 Kxf5 0-1

[Event "*** Titled Tuesday Blitz"]
[Site "Chess.com"]
[Date "2020.04.21"]
[Round "5"]
[White "aa175"]
[Black "Chessmasterzt"]
[Result "0-1"]
[WhiteElo "2301"]
[BlackElo "2495"]
[TimeControl "180+1"]
[EndTime "10:55:58 PDT"]
[Termination "Chessmasterzt won on time"]

1. d4 d6 2. Nf3 Nf6 3. Bf4 g6 4. e3 Bg7 5. Be2 c5 6. O-O Qb6 7. Nc3 O-O 8. a3 cxd4 9. exd4 Nc6 10. h3 Bd7 11. Re1 Rac8 12. Be3 Na5 13. Rb1 Nc4 14. Bxc4 Rxc4 15. Qd3 Rfc8 16. Nd2 R4c7 17. d5 Qa6 18. Qxa6 bxa6 19. Bd4 Bf5 20. Rbc1 Bh6 21. Be3 Bg7 22. Bd4 Rb8 23. Nb3 e5 24. dxe6 Bxe6 25. Nd2 Rxb2 26.
Rb1 Rxc2 27. Rb8+ Rc8 28. Rxc8+ Bxc8 29. Bxf6 Bxf6 30. Nd5 Bd4 31. Re8+ Kg7 32. Ne4 Bb7 33. Nb4 Rc1+ 34. Kh2 Be5+ 35. g3 Bxe4 0-1

[Event "*** Titled Tuesday Blitz"]
[Site "Chess.com"]
[Date "2020.04.21"]
[Round "5"]
[White "pouya21"]
[Black "Tonychess32"]
[Result "0-1"]
[WhiteElo "2778"]
[BlackElo "2643"]
[TimeControl "180+1"]
[EndTime "10:55:59 PDT"]
[Termination "Tonychess32 won by resignation"]

1. e4 c5 2. Nf3 d6 3. d4 cxd4 4.
Nxd4 Nf6 5. Nc3 a6 6. Be3 e5 7. Nb3 Be7 8. f3 Be6 9. Qd2 h5 10. Nd5 Bxd5 11. exd5 Nbd7 12. Na5 Qc7 13. Be2 b6 14.
Nc6 Nb8 15. Nxe7 Kxe7 16. O-O Nbd7 17. f4 exf4 18. Rxf4 Ne5 19. Raf1 Nfd7 20. Rf5 f6 21. Rxh5 Rxh5 22. Bxh5 Nc4 23. Qd3 Nxe3 24. Qg6 Qc5 25. Qf7+ Kd8 26. Qe8+ Kc7 27. Qxa8 Nxf1+ 28. Kxf1 Qxc2 29.
Qxa6 Qc1+ 30. Kf2 Qxb2+ 31. Qe2 Qd4+ 32. Qe3 Qh4+ 0-1

[Event "*** Titled Tuesday Blitz"]
[Site "Chess.com"]
[Date "2020.04.21"]
[Round "5"]
[White "MilanJeremic"]
[Black "littleozy"]
[Result "0-1"]
[WhiteElo "2237"]
[BlackElo "2406"]
[TimeControl "180+1"]
[EndTime "10:55:59 PDT"]
[Termination "littleozy won by resignation"]

1. d4 d5 2. Nf3 Nf6 3. Bf4 c5 4. c3 Nc6 5. e3 Qb6 6. Qb3 c4 7.
Qxb6 axb6 8. Nbd2 Bf5 9. Be2 b5 10. O-O e6 11. a3 h6 12. Ne5 Be7 13. Ndf3 O-O 14. Nxc6 bxc6 15. Ne5 Rfc8 16. Bg3 Ne4 17. Rad1 c5 18. Nf3 b4 19. dxc5 bxc3 20. bxc3 Nxc3 21.
Rd2 Bxc5 22. Nd4 Bg6 23. Bf3 Bxa3 24. Be5 Ne4 25. Bxe4 Bxe4 26. Nb5 Bb4 27. Bc3 Bxc3 28. Nxc3 Bd3 29. Rc1 Rcb8 30. f3 Rb3 31. Kf2 Raa3 32.
Nd1 Bg6 33. h4 c3 34. Rd4 c2 35.
h5 cxd1=Q 36. Rdxd1 Bd3 37. g4 Bc4 38. Re1 Ra2+ 39.
Kg3 Rbb2 40. Kf4 f6 41. e4 e5+ 42. Kf5 Rf2 43. exd5 Rxf3+ 44. Kg6 Bd3+ 0-1

[Event "*** Titled Tuesday Blitz"]
[Site "Chess.com"]
[Date "2020.04.21"]
[Round "5"]
[White "Forantes"]
[Black "RoelandPruijssers"]
[Result "0-1"]
[WhiteElo "2434"]
[BlackElo "2606"]
[TimeControl "180+1"]
[EndTime "10:56:01 PDT"]
[Termination "RoelandPruijssers won by checkmate"]

1. Nf3 f5 2. g3 Nf6 3. Bg2 g6 4. d4 Bg7 5. O-O O-O 6. c4 d6 7. Nc3 Ne4 8. Qb3 Nc6 9. c5+ e6 10. cxd6 cxd6 11. Rd1 d5 12. a3 b6 13. e3 Ba6 14.
Qa4 Nxc3 15. bxc3 Na5 16. Nd2 Rc8 17. Bb2 Qe8 18. Qc2 Rf7 19. Bf1 Bxf1 20. Rxf1 Rfc7 21. Qd3 Qa4 22. Rfc1 Bf8 23. Kf1 b5 24. Ke2 a6 25.
h4 h5 26. f3 Nb3 27. Nxb3 Qxb3 28. Rc2 a5 29. Rg1 Bxa3 30. Bxa3 Rxc3 31. Rxc3 Rxc3 32. Qb1 Rc2+ 33. Ke1 Qxe3+ 34. Kd1 Qe2# 0-1

[Event "*** Titled Tuesday Blitz"]
[Site "Chess.com"]
[Date "2020.04.21"]
[Round "5"]
[White "TheRigos"]
[Black "WelshTiger"]
[Result "0-1"]
[WhiteElo "2506"]
[BlackElo "2383"]
[TimeControl "180+1"]
[EndTime "10:56:01 PDT"]
[Termination "WelshTiger won by resignation"]

1. e4 c5 2. Nf3 Nc6 3. d4 cxd4 4.
Nxd4 Nf6 5. Nc3 d6 6. Bg5 Bd7 7.
Qd2 Rc8 8. O-O-O Nxd4 9. Qxd4 Qa5 10. Bxf6 gxf6 11. Bc4 Qc5 12. Bb3 Qxd4 13. Rxd4 f5 14. e5 Bg7 15. f4 dxe5 16. fxe5 e6 17. Re1 Bc6 18. g4 f4 19. g5 h6 20. g6 fxg6 21. Bxe6 Rd8 22. Rxf4 Rf8 23. Rxf8+ Kxf8 24. Bc4 Ke7 25. b4 Rd4 26. Bd3 Rxb4 27. Bxg6 Rh4 28. Re2 h5 29. Kb2 Rh3 30. Be4 Bxe4 31. Rxe4 Ke6 32.
Kb3 Bxe5 33. Kb4 Kf5 34. Rc4 a5+ 35. Kb3 b5 36. Rc5 b4 0-1

[Event "*** Titled Tuesday Blitz"]
[Site "Chess.com"]
[Date "2020.04.21"]
[Round "5"]
[White "Cecile-Haussernot"]
[Black "Perecke"]
[Result "1-0"]
[WhiteElo "2355"]
[BlackElo "2150"]
[TimeControl "180+1"]
[EndTime "10:56:03 PDT"]
[Termination "Cecile-Haussernot won on time"]

1. e4 c5 2. Nf3 e6 3. d4 cxd4 4. Nxd4 Nc6 5. Nc3 Qc7 6. Be3 a6 7. Qd2 b5 8. f4 Bb7 9. Qf2 Nf6 10. Nxc6 Bxc6 11. Bb6 Qb7 12. e5 Nd5 13. Nxd5 Bxd5 14.
Bd4 Be7 15. Bd3 Bxg2 16. Rg1 Be4 17. Rxg7 Bxd3 18. cxd3 O-O-O 19. Ba7 Qh1+ 20. Ke2 Qd5 21. Qb6 d6 22. Rc1+ Kd7 23. Rxf7 Qg2+ 24. Ke3 Ke8 25. Rxe7+ Kxe7 26. Rc7+ Kf8 27. Rxh7 1-0

[Event "*** Titled Tuesday Blitz"]
[Site "Chess.com"]
[Date "2020.04.21"]
[Round "5"]
[White "machupichu10"]
[Black "MrVenky"]
[Result "0-1"]
[WhiteElo "2749"]
[BlackElo "2545"]
[TimeControl "180+1"]
[EndTime "10:56:04 PDT"]
[Termination "MrVenky won by resignation"]

1. d4 Nf6 2. c4 g6 3. Nf3 Bg7 4.
Nc3 O-O 5. g3 d6 6. Bg2 Nc6 7.
O-O a6 8. Bg5 h6 9. Bxf6 Bxf6 10. Rc1 Bg7 11. h3 e5 12. d5 Nd4 13. Nd2 b5 14. e3 Nf5 15. b4 Bd7 16. c5 h5 17.
Nb3 Bh6 18. Qe2 Bxe3 19. fxe3 Nxg3 20. Qf2 Nxf1 21. Rxf1 f5 22. h4 f4 23. Ne4 fxe3 24.
Qg3 Kg7 25. cxd6 cxd6 26. Re1 Bg4 27. Nxd6 Qxd6 0-1